Map: Ley Lines

Players

FOREVER

  • Race: Zerg Zerg
  • League: Master
  • Spawn Location: 1:00

ChooChooMF - Winner!

  • Race: Zerg Zerg
  • League: Platinum
  • Spawn Location: 7:00

VOD

Have the link to the VOD?

Description

Time

  • Played on: March 21, 2025, 1:15 p.m.
  • Length: 12:13
Show
View Real Time Build Order
Export as new Build Order

FOREVER Zerg 

Build Orders: Hatch First 

Get SALT Encoding   

  12  0:00  Drone  
  13  0:12  Overlord  
  13  0:16  Drone  
  14  0:31  Drone  
  14  0:34  Drone  
  16  0:45  Drone  
  17  0:57  Hatchery  
  17  0:58  Drone  
  17  1:07  Drone  
  18  1:13  Extractor  
  17  1:19  Overlord  
  17  1:22  Spawning Pool  
  16  1:28  Drone  
  17  1:38  Drone  
  18  1:49  Drone  
  19  2:09  Queen x2  
  19  2:10  Zergling x4  
  25  2:17  Zergling x2, Evolution Chamber  
  25  2:21  Drone  
  26  2:23  Drone  
  27  2:31  Drone  
  27  2:34  Drone  
  29  2:42  Drone  
  29  2:43  Zerg Ground Armor Level 1  
  30  2:44  Drone  
  31  2:51  Overlord  
  31  3:00  Drone  
  31  3:05  Drone x2  
  34  3:11  Metabolic Boost  
  34  3:15  Hatchery  
  34  3:19  Drone  
  34  3:20  Drone x2  
  34  3:23  Drone  
  34  3:26  Zergling x4  
  39  3:36  Zergling x6  
  39  3:37  Zergling x2  
  39  3:39  Zergling x2  
  44  3:49  Overlord  
  43  4:03  Overlord x2  
  43  4:10  Zergling x10  
  48  4:18  Zergling x2  
  50  4:24  Zergling x2  
  50  4:33  Zergling x10  
  50  4:38  Zergling x4  
  57  4:50  Zergling x12  
  57  4:51  Zergling x2  
  64  4:56  Zerg Melee Weapons Level 1  
  61  5:06  Zergling x8  
  61  5:07  Zergling x4  
  61  5:15  Zergling x4  
  58  5:23  Zergling x10  
  58  5:27  Zergling x4  
  58  5:33  Zergling x8  
  55  5:38  Queen  
  53  5:45  Zergling x8  
  52  5:54  Baneling Nest  
  52  5:56  Zergling x10  
  56  6:03  Drone  
  57  6:17  Drone x2  
  57  6:18  Drone x5  
  64  6:30  Drone x3  
  67  6:33  Extractor  
  66  6:45  Drone x2  
  66  6:46  Drone x6  
  74  6:58  Overlord x2  
  74  6:59  Baneling x2  
  74  7:00  Baneling x11  
  74  7:01  Baneling x6  
  74  7:19  Hatchery  
  73  7:24  Baneling x3  
  73  7:25  Baneling  
  73  7:26  Zergling x2  
  73  7:27  Zergling x16  
  82  7:31  Overlord x4  
  74  8:04  Zergling x2  
  74  8:05  Zergling x28  
  74  8:09  Lair  
  74  8:10  Zergling x4  
  74  8:11  Zergling x2  
  79  8:15  Zergling x2  
  80  8:26  Baneling x4  
  80  8:27  Baneling x5  
  80  8:29  Zergling x8  
  84  8:34  Queen  
  84  8:35  Zergling x4  
  84  8:36  Zergling x6  
  73  8:49  Zergling x2  
  73  8:50  Zergling x18  
  70  8:59  Zergling x6  
  67  9:06  Zergling x6  
  69  9:13  Zerg Melee Weapons Level 2  
  69  9:16  Zergling x8  
  67  9:25  Centrifugal Hooks  
  67  9:30  Zergling x24  
  67  9:31  Zergling x2  
  80  9:45  Zergling x16  
  87  9:51  Overseer  
  88  9:59  Baneling x7  
  85  10:00  Baneling  
  85  10:02  Zergling x2  
  85  10:03  Zergling x26  
  99  10:14  Zergling x2  
  99  10:15  Zergling x6  
  98  10:27  Zergling x18  
  98  10:28  Zergling x12  
  91  10:33  Zergling x2  
  91  10:34  Zergling x2  
  89  10:41  Baneling  
  89  10:42  Baneling x9  
  89  10:46  Zergling x10  
  94  10:50  Extractor  
  94  10:55  Baneling x2  
  94  10:57  Zergling x18  
  102  11:08  Zergling x2  
  102  11:09  Zergling x12  
  94  11:32  Zergling x14  
  77  11:33  Zergling x12  
  77  11:35  Baneling x3  
  77  11:36  Baneling x5  
  72  11:40  Zergling x16  
  78  11:49  Zergling x2  
  78  11:50  Zergling x6  
  78  11:54  Baneling x3  
Show
View Real Time Build Order
Export as new Build Order

ChooChooMF Zerg - Winner!

Build Orders: Hatch First 

Get SALT Encoding   

  12  0:00  Drone  
  13  0:12  Overlord  
  13  0:17  Drone  
  14  0:31  Drone x2  
  16  0:47  Hatchery  
  15  0:50  Drone  
  15  0:53  Drone  
  15  0:56  Drone  
  18  1:07  Extractor  
  17  1:11  Spawning Pool  
  17  1:14  Drone  
  17  1:17  Drone  
  18  1:28  Drone  
  19  1:38  Drone  
  20  1:50  Overlord  
  20  1:58  Queen x2  
  24  2:01  Drone x2  
  26  2:15  Drone x2  
  28  2:24  Overlord x2  
  28  2:32  Spine Crawler  
  27  2:39  Spine Crawler  
  27  2:40  Queen  
  27  2:43  Drone  
  29  2:44  Drone  
  30  2:58  Drone  
  30  3:02  Drone x3  
  34  3:22  Queen  
  36  3:29  Evolution Chamber  
  36  3:31  Evolution Chamber  
  34  3:35  Roach Warren  
  34  3:37  Spine Crawler  
  32  3:44  Drone x6  
  32  3:45  Drone x2  
  40  4:09  Drone x3  
  44  4:10  Drone x3  
  44  4:14  Extractor  
  44  4:16  Extractor  
  45  4:17  Drone x2  
  45  4:18  Extractor  
  45  4:28  Hatchery  
  44  4:46  Roach x4  
  50  4:54  Spine Crawler  
  50  4:58  Roach  
  50  4:59  Roach x2  
  51  5:03  Overlord x4  
  51  5:13  Queen, Spore Crawler  
  56  5:21  Roach x6  
  62  5:32  Roach  
  62  5:33  Roach  
  56  5:44  Evolution Chamber  
  55  5:53  Roach  
  55  5:54  Roach x7  
  72  5:57  Zerg Missile Weapons Level 1  
  72  6:03  Evolution Chamber  
  71  6:13  Ravager  
  71  6:18  Drone x7  
  79  6:32  Ravager  
  79  6:38  Ravager  
  81  6:46  Drone x3  
  84  6:50  Ravager  
  85  7:10  Roach  
  85  7:11  Roach  
  85  7:12  Overlord x7  
  89  7:31  Roach x3  
  89  7:32  Roach x5  
  89  7:36  Lair  
  105  7:43  Zerg Ground Armor Level 1  
  101  8:11  Evolution Chamber  
  101  8:12  Roach Warren  
  99  8:22  Queen  
  63  9:15  Roach x22  
  63  9:16  Roach x2  
  105  9:22  Glial Reconstitution  
  95  9:24  Zerg Missile Weapons Level 2  
  95  9:36  Spine Crawler  
  94  9:59  Ravager x6  
  100  10:17  Roach x12, Hatchery  
  101  10:33  Ravager x2  
  101  10:35  Roach x3  
  109  11:06  Roach x4  
  109  11:07  Roach x5  
  115  11:51  Roach Warren  
  115  11:54  Evolution Chamber  
  113  11:56  Spine Crawler  
  113  11:58  Drone x8, Spine Crawler  
  119  12:01  Spine Crawler  
Tags
 
Add a new tag
Caveats
  • Supply blocks, unpowered buildings, or Contaminate may cause inaccurate times.
  • Supply counts are checked every 10 seconds.